 Dungeon Crawl Stone Soup version 0.17-a0-2055-gb4e23be (webtiles) character file.

1264 4thArraOfDagon the Chopper (level 8, -1/59 HPs)
             Began as a Red Draconian Artificer on Oct 11, 2015.
             Slain by a two-headed ogre
             ... wielding a +0 dire flail
              (25 damage)
             ... on level 8 of the Dungeon.
             The game lasted 00:13:14 (2186 turns).

4thArraOfDagon the Chopper (DrAr)                   Turns: 2186, Time: 00:13:15

Health: -1/59      AC:  6    Str: 14    XL:     8   Next: 27%
Magic:  10/10      EV: 13    Int: 15    God:
Gold:   232        SH:  0    Dex: 11    Spells: 0 memorised, 7 levels left

rFire  + . .     SeeInvis .       - Unarmed
rCold  . . .     Clarity  .     (armour unavailable)
rNeg   . . .     SustAt   .     (no shield)
rPois  .         Gourm    .     (helmet restricted)
rElec  .         Spirit   .     (no cloak)
rCorr  .         Warding  .     (no gloves)
rMut   .         Stasis   .     (no boots)
MR     .....                    (no amulet)
Stlth  +.........               (no ring)
                                (no ring)

@: short of breath, not resistant to hostile enchantments, very unstealthy
A: breathe fire, unfitting armour, fire resistance 1, cold-blooded, AC +6
a: Breathe Fire


You were on level 8 of the Dungeon.
You were not hungry.

You visited 2 branches of the dungeon, and saw 9 of its levels.
You also visited: Ossuary.

You collected 232 gold pieces.

Inventory:

Hand Weapons
 l - a +2 broad axe of flaming
 r - the +6 flail of Niesitele {antimagic, MP+9 Str+3 Dex-3}
   (You found it on level 6 of the Dungeon)

   It disrupts the flow of magical energy around spellcasters and certain
   magical creatures (including the wielder).
   It affects your strength (+3).
   It affects your dexterity (-3).
   It affects your magic capacity (+9).
Wands
 b - a wand of flame (3)
 c - a wand of enslavement (7)
 d - a wand of random effects (24)
 v - a wand of teleportation (4)
 w - a wand of flame (23)
Scrolls
 a - a scroll of noise {unknown}
 h - 3 scrolls of remove curse
 m - a scroll of enchant weapon {unknown}
 p - 2 scrolls of fear {unknown}
 t - 3 scrolls of teleportation
 u - 2 scrolls of immolation {unknown}
 x - 2 scrolls of amnesia {unknown}
Potions
 f - a potion of cure mutation {unknown}
 i - 2 potions of poison {unknown}
 j - 7 potions of curing {unknown}
 k - a potion of ambrosia {unknown}
 n - a potion of heal wounds {unknown}
 o - a potion of mutation {unknown}
 q - a potion of might
 s - a potion of flight {unknown}
Comestibles
 e - 2 bread rations
 g - 5 chunks of flesh


   Skills:
 - Level 1.1 Fighting
   Level 1.0 Short Blades
 * Level 6.8 Axes
 + Level 4.5 Dodging
 - Level 0.8 Stealth
 - Level 5.2 Unarmed Combat
 - Level 3.0 Evocations


You had 7 spell levels left.
You didn't know any spells.

Dungeon Overview and Level Annotations

Branches:
Dungeon (8/15)             Temple (1/1) D:7
   Lair: D:8-11

Altars:
Ashenzari
Elyvilon
Kikubaaqudgha
Nemelex Xobeh
Okawaru
Ru
Trog
Vehumet
Xom
Yredelemnul
Zin
The Shining One

Shops:
D:5 *   D:6 (


Innate Abilities, Weirdness & Mutations

You can breathe blasts of fire.
Your fiery red scales are hard (AC +6).
Your body does not fit into most forms of armour.
Your flesh is heat resistant.
You are cold-blooded and may be slowed by cold attacks.


Message History

The two-headed ogre is severely wounded.
The two-headed ogre hits you with a dire flail!
The two-headed ogre hits you with a giant spiked club!!
Unknown command.
You barely miss the two-headed ogre.
The two-headed ogre is severely wounded.
Unknown command.
You hit the two-headed ogre but do no damage.
The two-headed ogre is severely wounded.
The two-headed ogre closely misses you.
The two-headed ogre hits you with a giant spiked club!
A hound comes into view.
The hound barks!
Evoke which item? (* to show all) (? for menu, Esc to quit)
Zapping:
c - a wand of enslavement (8)
Press: ? - help, Shift-Dir - straight line, f/p - two-headed ogre
Aim: a two-headed ogre, wielding a dire flail and a giant spiked club (severely wounded, chance to defeat MR: 34%)
The two-headed ogre easily resists.
This wand has 7 charges left.
The two-headed ogre hits you with a dire flail!!
You die...

.###.#....# #..
............# #h# #
.....#....#.# #.####.#.
#######.#.#.########........
.........(.. ...O...........
<#.# #.#..# #Z# ...# #.#..#
#.# .###
#.#..#########O####.#
#######.#.......@O..........
..........##################
###########


You could see a two-headed ogre and an ogre.

Vanquished Creatures
  Pikel (D:6)
  Sigmund (D:6)
  3 centaurs
  An ogre (D:5)
  A phantom (D:5)
  A crocodile (D:8)
  A giant frog (D:6)
  3 crimson imps (D:5)
  A hound (D:8)
  A jelly (D:8)
  A giant frog skeleton (D:8)
  An iguana (D:8)
  A worker ant (D:4)
  2 mummies (Ossuary)
  A gnoll (D:5)
  5 adders
  A shadow imp (D:5)
  An ooze (D:5)
  4 adder zombies (Ossuary)
  2 giant geckos
  A giant cockroach (D:6)
  2 jackals (D:1)
  7 quokkas
  A giant newt (D:2)
  A gnoll zombie (Ossuary)
  2 goblin zombies (Ossuary)
  2 hobgoblin zombies (Ossuary)
  3 kobold zombies (Ossuary)
  A quokka skeleton (D:4)
  A quokka zombie (Ossuary)
  A rat (D:3)
  2 rat zombies (Ossuary)
57 creatures vanquished.

Vanquished Creatures (collateral kills)
  An orc priest (D:7)
  An orc wizard (D:7)
  A mummy (Ossuary)
  An adder (D:7)
  An adder zombie (Ossuary)
  An orc (D:7)
  A goblin zombie (Ossuary)
  A hobgoblin zombie (Ossuary)
8 creatures vanquished.

Vanquished Creatures (others)
  Prince Ribbit (D:6)
  An adder zombie (D:6)
2 creatures vanquished.

Grand Total: 67 creatures vanquished

Notes
Turn   | Place    | Note
--------------------------------------------------------------
     0 | D:1      | 4thArraOfDagon the Draconian Artificer began the quest for the Orb.
     0 | D:1      | Reached XP level 1. HP: 16/16 MP: 3/3
     6 | D:1      | Noticed a salamander
     6 | D:1      | Noticed a crocodile
     6 | D:1      | Noticed a killer bee
     6 | D:1      | Noticed a hound
     6 | D:1      | Noticed a polar bear
    70 | D:2      | Reached skill level 1 in Unarmed Combat
   129 | D:5      | Entered Level 5 of the Dungeon
   135 | D:5      | Reached XP level 2. HP: 23/23 MP: 4/4
   149 | D:5      | Found a sand-covered staircase.
   150 | D:5      | Noticed an ogre
   156 | D:5      | Killed an ogre
   156 | D:5      | Reached skill level 4 in Unarmed Combat
   156 | D:5      | Reached XP level 3. HP: 28/28 MP: 5/5
   156 | D:5      | Reached XP level 4. HP: 35/35 MP: 6/6
   167 | Ossuary  | Entered an ossuary
   491 | Ossuary  | Reached XP level 5. HP: 33/40 MP: 7/7
   615 | D:5      | Noticed a crimson imp
   641 | D:5      | Killed a crimson imp
   641 | D:5      | Reached skill level 5 in Unarmed Combat
   744 | D:5      | Noticed a centaur
   806 | D:6      | Got a fine flail
   807 | D:6      | Identified the +6 flail of Niesitele {antimagic, MP+9 Str+3 Dex-3} (You found it on level 6 of the Dungeon)
   831 | D:6      | Noticed Sigmund
   867 | D:6      | Reached skill level 1 in Axes
   886 | D:7      | Noticed an ice beast
   938 | D:6      | Noticed a slave
   938 | D:6      | Noticed a slave
   938 | D:6      | Noticed Pikel
   938 | D:6      | Noticed a slave
   938 | D:6      | Noticed a slave
   938 | D:6      | Noticed Prince Ribbit
   953 | D:6      | Killed Prince Ribbit
   953 | D:6      | Reached XP level 6. HP: 19/47 MP: 8/8
   954 | D:6      | Pikel (ally) was killed
  1001 | D:6      | Found Zeuhof's Weapon Boutique.
  1063 | D:7      | Found an iron altar of Okawaru.
  1067 | D:7      | Noticed a centaur
  1091 | D:7      | Killed a centaur
  1091 | D:7      | Your scales start taking on a fiery red colour.
  1091 | D:7      | Gained mutation: Your flesh is heat resistant. [Red Draconian growth]
  1091 | D:7      | Reached XP level 7. HP: 5/52 MP: 9/9
  1218 | D:7      | Found a staircase to the Ecumenical Temple.
  1224 | Temple   | Entered the Ecumenical Temple
  1243 | Temple   | WHY
  1249 | Temple   | good colour=no temple=rip
  1376 | D:8      | Noticed an angel
  1402 | D:8      | Found a glowing silver altar of Zin.
  1402 | D:8      | Found a shimmering altar of Xom.
  1435 | D:8      | Found a sacrificial altar of Ru.
  1526 | D:6      | Killed Sigmund
  1526 | D:6      | Reached skill level 5 in Axes
  1563 | D:5      | Noticed a crimson imp
  1576 | D:5      | Killed a centaur
  1677 | D:5      | Found a glowing golden altar of the Shining One.
  1677 | D:5      | Noticed a centaur
  1688 | D:5      | Noticed a crimson imp
  1689 | D:5      | Killed a crimson imp
  1689 | D:5      | Reached skill level 6 in Axes
  1689 | D:5      | Reached XP level 8. HP: 30/59 MP: 10/10
  1727 | D:5      | Killed a crimson imp
  1785 | D:5      | Noticed a phantom
  1807 | D:5      | Killed a phantom
  1838 | D:4      | Noticed a worker ant
  1845 | D:4      | Killed a worker ant
  1978 | D:5      | Found Hosm's Serpentskin Sales.
  2016 | D:5      | Killed a centaur
  2064 | D:4      | Found a sparkling altar of Nemelex Xobeh.
  2171 | D:8      | Noticed a two-headed ogre
  2186 | D:8      | Slain by a two-headed ogre

Vault maps used:
D:1:      onia_arrival_zoo_common
D:2:      first_bread
D:3:      uniq_grinder, uniq_natasha, uniq_crazy_yiuf_cottage
D:4:      nicolae_overflow_hidden_temple, gammafunk_temple_overflow_statue,
          serial_shops, kennysheep_mini
D:5:      led_sif_book, lemuel_crystal_altar, nicolae_ossuary_entry_monument,
          guppyfry_shop_venom
D:6:      lemuel_doored_altar, serial_shops, kennysheep_little_box, uniq_pikel,
          uniq_prince_ribbit1, uniq_sigmund
D:7:      okawaru_trees_1, temple_statues, serial_glass, glass_columns_a,
          glass_columns_a, grunt_livestock, nicolae_zen_rock_garden,
          xom_redecorated
D:8:      grunt_temple_overflow_order_and_chaos_1, tgw_fedhas,
          nicolae_ru_the_path_less_chosen, erik_lair_island,
          hangedman_decor_push, minmay_misc_feat_pillars
Temple:   circular_temple_6
Ossuary:  ossuary_minmay_chase

Action                   |  1- 3 |  4- 6 |  7- 9 || total
-------------------------+-------+-------+-------++-------
Melee: Short sword       |    31 |     3 |       ||    34
       Unarmed           |       |   118 |   179 ||   297
 Abil: Breathe Fire      |       |       |    10 ||    10
Evoke: Wand              |     5 |    23 |     2 ||    30
  Use: Scroll            |       |     5 |     1 ||     6
 Stab: Sleeping          |     1 |       |       ||     1
  Eat: Chunk             |       |     1 |     4 ||     5
       Royal jelly       |       |       |     1 ||     1
       Bread ration      |       |       |     1 ||     1
